Map: Habitation Station LE (Void)

Players

Amix

  • Race: Zerg Zerg
  • League: Platinum
  • Spawn Location: 1:00

Kamen - Winner!

  • Race: Protoss Protoss
  • League: Platinum
  • Spawn Location: 11:00

VOD

Have the link to the VOD?

Description

Time

  • Played on: Dec. 21, 2016, 10:21 a.m.
  • Length: 6:38
Show
View Real Time Build Order
Export as new Build Order

Amix Zerg 

Build Orders: Hatch First 

Get SALT Encoding   

  12  0:01  Drone  
  13  0:11  Drone  
  14  0:17  Overlord  
  14  0:23  Drone, Extractor  
  15  0:35  Drone x2  
  17  0:55  Hatchery  
  16  0:57  Extractor  
  16  0:59  Drone  
  16  1:03  Drone  
  17  1:22  Drone x2  
  19  1:26  Spawning Pool  
  18  1:36  Drone  
  19  1:40  Drone  
  20  1:49  Drone  
  21  2:00  Drone  
  22  2:07  Drone  
  23  2:10  Overlord  
  23  2:13  Metabolic Boost  
  23  2:14  Queen  
  25  2:18  Queen  
  27  2:24  Overlord  
  27  2:27  Drone  
  28  2:34  Drone x2  
  30  2:39  Drone  
  30  2:40  Evolution Chamber  
  30  2:47  Zergling x2  
  30  2:50  Overlord  
  31  2:54  Pneumatized Carapace  
  31  2:57  Zergling x2  
  32  3:05  Zergling x4  
  34  3:12  Overlord  
  34  3:14  Zergling x2  
  28  3:42  Spine Crawler  
  28  3:43  Spine Crawler x4  
  23  3:51  Spawning Pool  
  20  4:26  Drone x3  
  20  4:27  Drone x5  
  25  4:38  Zergling x4  
  26  4:59  Zergling x4  
  28  5:20  Extractor  
  24  5:22  Hatchery, Extractor  
  12  5:31  Extractor  
  11  6:00  Extractor  
  10  6:14  Extractor  
  7  6:21  Extractor  
Show
View Real Time Build Order
Export as new Build Order

Kamen Protoss - Winner!

Build Orders:  

Get SALT Encoding   

  12  0:01  Probe (Chrono Boost)  
  13  0:12  Probe (Chrono Boost)  
  14  0:24  Pylon  
  14  0:25  Probe (Chrono Boost)  
  15  0:46  Pylon  
  15  0:50  Probe (Chrono Boost)  
  16  1:01  Probe (Chrono Boost)  
  17  1:05  Gateway  
  17  1:11  Gateway  
  17  1:12  Gateway  
  17  1:33  Forge  
  17  1:34  Assimilator  
  17  1:41  Probe (Chrono Boost)  
  18  1:50  Zealot  
  18  1:53  Probe (Chrono Boost)  
  21  2:00  Zealot  
  23  2:02  Zealot  
  23  2:08  Probe (Chrono Boost)  
  26  2:12  Pylon  
  26  2:15  Zealot  
  26  2:18  Assimilator  
  28  2:27  Zealot  
  30  2:35  Zealot  
  32  2:45  Zealot  
  32  2:48  Cybernetics Core  
  34  2:59  Zealot  
  36  3:08  Pylon  
  36  3:11  Zealot  
  38  3:35  Stalker  
  38  3:39  Stalker  
  44  3:44  Mothership Core (Chrono Boost)  
  44  4:05  Stalker  
  46  4:17  Warp Gate  
  46  4:25  Stalker  
  46  4:30  Stalker  
  46  4:32  Pylon  
  46  4:34  Pylon  
  46  4:50  Stalker  
  48  4:55  Stalker  
  50  5:00  Stalker  
  50  5:10  Photon Cannon  
  50  5:13  Photon Cannon  
  48  5:40  Probe (Chrono Boost)  
  49  5:53  Probe (Chrono Boost)  
  51  6:05  Probe (Chrono Boost)  
  51  6:22  Nexus  
  51  6:31  Pylon  
Tags
 
Add a new tag
Caveats
  • Supply blocks, unpowered buildings, or Contaminate may cause inaccurate times.
  • Supply counts are checked every 10 seconds.